 Dungeon Crawl Stone Soup version 0.31-a0-210-gccc998df9b (webtiles) character file.

Game seed: 2109597477503634810

39 qw the Shooter (level 3, -3/29 HPs)
             Began as a Minotaur Hexslinger on June 29, 2023.
             Slain by a worm (8 damage)
             ... on level 2 of the Dungeon.
             The game lasted 00:00:27 (1630 turns).

qw the Shooter (Minotaur Hexslinger)                Turns: 1630, Time: 00:00:27

Health: -3/29      AC:  6    Str: 12    XL:     3   Next: 26%
Magic:  3/3        EV: 11    Int: 10    God:
Gold:   46         SH:  0    Dex: 14    Spells: 3/4 levels left

rFire   . . .        Y - +1 sling
rCold   . . .        (no shield)
rNeg    . . .        d - +0 ring mail
rPois   .            (helmet restricted)
rElec   .            (no cloak)
rCorr   .            h - +0 pair of gloves
SInv    .            (no boots)
Will    .....        (no amulet)
Stlth   +            (no ring)
HPRegen 0.24/turn    (no ring)
MPRegen 0.08/turn

%: no passive effects
@: no status effects
A: horns 2, retaliatory headbutt
a: no special abilities


You were on level 2 of the Dungeon.
You visited 1 branch of the dungeon, and saw 2 of its levels.

You collected 46 gold pieces.


Innate Abilities, Weirdness & Mutations

You have a pair of horns on your head.
You reflexively headbutt those who attack you in melee.


   Skills:
 - Level 2.0 Fighting
 + Level 3.8 Ranged Weapons
 - Level 2.1 Dodging
 - Level 1.0 Spellcasting
 - Level 2.0 Hexes


You had 3 spell levels left.
You knew the following spells:

 Your Spells              Type           Power      Damage    Failure   Level
a - Slow                  Hex            16%        N/A       34%         1

Your spell library contained the following spells:

 Spells                   Type           Power      Damage    Failure   Level
 Inner Flame              Hex/Fire       2%         N/A       83%         3
 Portal Projectile        Hex/Tloc       4%         N/A       83%         3
 Cause Fear               Hex            2%         N/A       98%         4

Inventory:

Hand Weapons
 Y - a +1 sling (weapon)
Armour
 d - a +0 ring mail (worn)
 h - a +0 pair of gloves (worn)
Scrolls
 b - a scroll of enchant armour {unknown}
 c - a scroll of torment {unknown}
Potions
 a - a potion of heal wounds {unknown}
 g - a potion of haste {unknown}

Dungeon Overview and Level Annotations

Branches:
Dungeon (2/15)

Altars:
Sif Muna

Shops:
D:1 ?


Message History

The sling bullet hits the worm but does no damage.
The worm is lightly wounded.
You shoot a sling bullet.
The sling bullet barely misses the worm.
The worm bites you but does no damage.
You shoot a sling bullet.
The sling bullet barely misses the worm.
The worm bites you!
You shoot a sling bullet.
The sling bullet hits the worm but does no damage.
The worm barely misses you.
You shoot a sling bullet.
The sling bullet barely misses the worm.
The worm bites you.
You shoot a sling bullet.
The sling bullet barely misses the worm.
You shoot a sling bullet. The sling bullet hits the worm!
The worm is moderately wounded.
The worm bites you!
You shoot a sling bullet.
The sling bullet barely misses the worm.
The worm bites you.
You shoot a sling bullet. The sling bullet hits the worm.
The worm is heavily wounded.
The worm misses you.
You shoot a sling bullet. The sling bullet hits the worm.
The worm is heavily wounded.
The worm bites you!
You shoot a sling bullet. The sling bullet hits the worm.
The worm is severely wounded.
You shoot a sling bullet.
The sling bullet barely misses the worm.
The worm misses you.
You shoot a sling bullet.
The sling bullet barely misses the worm.
The worm barely misses you.
You shoot a sling bullet. The sling bullet hits the worm.
The worm is almost dead.
The worm bites you!
You die...

########## . #........
#... #......# ####
..... #....(.# ...
...... ##......##.#####
......##........@.....#
...............##w#.###
#..........##### .# #
##......## .# #
#......# .# #
#...##.##### .# #
#..........# .#
#######..[....# #.#
....# #.......###.#


You could see a worm.

Vanquished Creatures
  A dart slug (D:2)
  An orc (D:2)
  3 ball pythons (D:2)
  5 endoplasms
  A giant cockroach (D:2)
  3 goblins
  4 jackals (D:1)
  2 quokkas
  2 bats
  3 frilled lizards (D:1)
  5 kobolds
  A rat (D:2)
31 creatures vanquished.

Notes
Turn   | Place    | Note
-------+----------+-------------------------------------------
     0 | D:1      | qw the Minotaur Hexslinger began the quest for the Orb.
     0 | D:1      | Reached XP level 1. HP: 16/16 MP: 1/1
     0 | D:1      | 0 ||| qw: Version: 0.3-a-24-ga2abf7b
     0 | D:1      | 0 ||| qw: Game counter: 6779
     0 | D:1      | 0 ||| qw: Melee chars always use a shield: true
     0 | D:1      | 0 ||| qw: God list: Okawaru
     0 | D:1      | 0 ||| qw: Allow faded altars: false
     0 | D:1      | 0 ||| qw: Do Orc after clearing Dungeon:15 true
     0 | D:1      | 0 ||| qw: Do second Lair branch before Depths: true
     0 | D:1      | 0 ||| qw: Lair rune preference: random
     0 | D:1      | 0 ||| qw: Goals: Normal
     0 | D:1      | 0 ||| PLANNING D:1-11
   201 | D:1      | Found Hamil's Magic Scroll Shoppe.
   204 | D:1      | 204 ||| SHOPLISTING scroll of identify (20 gold, have 2).
   204 | D:1      | 204 ||| SHOPLISTING scroll of teleportation (30 gold, have
                  | 2).
   528 | D:1      | Reached skill level 3 in Ranged Weapons
   529 | D:1      | Reached XP level 2. HP: 23/23 MP: 2/2
  1106 | D:1      | Found a faded altar of an unknown god.
  1107 | D:1      | 1107 ||| UPGRADING to +0 ring mail.
  1117 | D:1      | 1117 ||| DROPPING +0 robe.
  1118 | D:1      | 1118 ||| UPGRADING to +0 pair of gloves.
  1123 | D:1      | 1123 ||| READING scroll labelled OQYFUS HAMIDAN.
  1124 | D:1      | 1124 ||| READING scroll labelled OTUWUEN HUAQI.
  1127 | D:1      | 1127 ||| DROPPING scroll of poison.
  1350 | D:2      | Reached XP level 3. HP: 29/29 MP: 3/3
  1361 | D:2      | Found a shimmering blue altar of Sif Muna.
  1626 | D:2      | HP: 4/29 [worm (7)]
  1630 | D:2      | Slain by a worm

Levels and vault maps discovered:
D:1:      dpeg_arrival_water_fire, layout_basic,
          shapermc_ecumenical_altar_mp_vishouse, serial_shops,
          nicolae_shop_rolled_up
D:2:      layout_basic, basic_altar, pf_guarded_unrand_delatra

Skill      XL: |  1  2 |
---------------+-------+-----
Ranged Weapons | 3 |  3.8
Fighting       | 2 |  2.0
Dodging        | |  2.1
Spellcasting   | |  1.0
Hexes          | |  2.0

Action                     || total
---------------------------++-------
   Fire: Sling             ||   105
    Use: Scroll            ||     2
 Armour: Robe              ||     7
         Ring mail         ||     4
  Dodge: Dodged            ||    35

Table legend:
 A = Non-vault XP
 B = Vault XP
 C = Vault XP percentage of total XP
 D = Non-vault monster count
 E = Vault monster count
 F = Vault count percentage of total count
                 A         B        C        D         E       F
            +---------+---------+-------+---------+---------+-------
      Total |      53 |       3 |   5.4 |      30 |       1 |   3.2
            +---------+---------+-------+---------+---------+-------
        D:1 |      28 |       0 |   0.0 |      17 |       0 |   0.0
        D:2 |      25 |       3 |  10.7 |      13 |       1 |   7.1
            +---------+---------+-------+---------+---------+-------
